 Dungeon Crawl Stone Soup version 0.27.1-16-g815e20cd7a (webtiles) character file.

Game seed: 16026122065155547280

27 pkoi the Insei (level 2, -3/26 HPs)
             Began as a Draconian Monk on Nov 23, 2021.
             Slain by a gnoll (5 damage)
             ... on level 1 of the Dungeon.
             The game lasted 00:00:49 (1389 turns).

pkoi the Insei (Draconian Monk)                     Turns: 1389, Time: 00:00:50

Health: -3/26      AC:  4    Str: 13    XL:     2   Next: 93%
Magic:  2/2        EV: 12    Int: 10    God:
Gold:   110        SH:  0    Dex: 13    Spells: 1/1 levels left

rFire    . . .     SeeInvis .     - Unarmed
rCold    . . .     Faith    .   (no shield)
rNeg     . . .     Spirit   .   (armour unavailable)
rPois    .         Reflect  .   (helmet restricted)
rElec    .         Harm     .   (no cloak)
rCorr    .         Rampage  .   (no gloves)
Will     .....                  (no boots)
Stlth    ++........             a - amulet of magic regeneration
HPRegen  0.08/turn              (no ring)
MPRegen  0.33/turn              (no ring)

@: no status effects
A: AC +4, unfitting armour, cold-blooded
a: no special abilities


You were on level 1 of the Dungeon.
You visited 1 branch of the dungeon, and saw 2 of its levels.

You collected 110 gold pieces.

Inventory:

Jewellery
 a - an amulet of magic regeneration (around neck)
 b - a ring of positive energy
Scrolls
 c - a scroll of immolation {unknown}
Potions
 d - a potion of degeneration {unknown}


   Skills:
 - Level 3.2 Fighting
 - Level 2.6 Dodging
 - Level 1.7 Stealth
 + Level 4.2 Unarmed Combat


You had one spell level left.
You didn't know any spells.
Your spell library was empty.

Dungeon Overview and Level Annotations

Branches:
Dungeon (2/15)

Altars:


Innate Abilities, Weirdness & Mutations

Your plain brown scales are hard. (AC +4)
You cannot fit into any form of body armour.
You are cold-blooded and may be slowed by cold attacks.


Message History

You are too injured to fight recklessly!
You are too injured to fight recklessly!
You are too injured to fight recklessly!
You are too injured to fight recklessly!
You are too injured to fight recklessly!
You are too injured to fight recklessly!
You are too injured to fight recklessly!
You are too injured to fight recklessly!
You are too injured to fight recklessly!
You are too injured to fight recklessly!
You are too injured to fight recklessly!
You are too injured to fight recklessly!
You are too injured to fight recklessly!
The gnoll barely misses you.
There is a stone staircase leading up here.
The gnoll hits you from afar with a +0 spear.
* * * LOW HITPOINT WARNING * * *
The gnoll barely misses you.
The gnoll hits you from afar with a +0 spear.
* * * LOW HITPOINT WARNING * * *
You climb upwards.
There is a stone staircase leading down here.
Unknown command.
Unknown command.
You hit the gnoll. You tail-slap the gnoll.
The gnoll is severely wounded.
You hit the gnoll.
The gnoll is almost dead.
The gnoll misses you.
You hit the gnoll but do no damage.
You tail-slap the gnoll, but do no damage.
The gnoll is almost dead.
The gnoll hits you with a +2 whip of freezing.
* * * LOW HITPOINT WARNING * * *
The gnoll freezes you.
* * * LOW HITPOINT WARNING * * *
You hit the gnoll but do no damage.
The gnoll is almost dead.
The gnoll hits you with a +2 whip of freezing.
You die...

...##...####.###...........#..###
.⌠.##.⌠.# ##.#.........###.#.....
...##...###..#.#.......# #.##.###
#.####.#....##...#.....# #.##.# #
..........######.#.#.#.###.##.# #
############## #.#.#)>.....##.# #
.....# #.....# #.#.#..........# #
.###.# #.###.###g#.##.........# #
.# #.# #.# #....@#.........#.####
.# #.###.# #######...............
####.#...# #...#####...##.###
.....#.### #.#.#............#
######.# ##.#.#.#.#......#.# ..#
#.# #.........#######.# #.# #.#
##.......#........# #.# #.#
#............###### #.####.#
##..>....#.........


You could see a gnoll.

Vanquished Creatures
  A gnoll (D:1)
  A giant cockroach (D:1)
  A goblin (D:2)
  3 hobgoblins
  A jackal (D:1)
  3 kobolds (D:1)
  A ball python (D:2)
  2 bats (D:1)
  2 frilled lizards (D:1)
  2 rats (D:1)
17 creatures vanquished.

Notes
Turn   | Place    | Note
-------+----------+-------------------------------------------
     0 | D:1      | pkoi the Draconian Monk began the quest for the Orb.
     0 | D:1      | Reached XP level 1. HP: 19/19 MP: 1/1
   418 | D:1      | Reached XP level 2. HP: 20/26 MP: 2/2
  1376 | D:1      | Reached skill level 4 in Unarmed Combat
  1389 | D:1      | Slain by a gnoll

Illustrated notes

Levels and vault maps discovered:
D:1:      dpeg_arrival_chambers_temple_mockup, layout_basic,
          hangedman_decor_growths, st_stairs_4
D:2:      layout_basic, ebering_ecumenical_altar_sacrificial,
          hangedman_decor_push, minmay_heptomino_h4, uniq_natasha

Skill      XL: |  1  2 |
---------------+-------+-----
Unarmed Combat | 4 |  4.2
Fighting       | |  3.2
Dodging        | |  2.6
Stealth        | |  1.7

Action                   || total
-------------------------++-------
Melee: Unarmed           ||    66
       Tailslap          ||     5
 Stab: Sleeping          ||     2
Armor: Skin              ||    17
Dodge: Dodged            ||    39
